 Dungeon Crawl Stone Soup version 0.20.1-1-g8b1a95d (webtiles) character file.

588 Kingsmith the Blocker (level 7, -3/52 HPs)
             Began as a Formicid Fighter on Dec 7, 2017.
             Was an Initiate of the Shining One.
             Slain by an orc wizard
             ... wielding a +0 dagger
              (5 damage)
             ... on level 6 of the Dungeon.
             The game lasted 00:08:52 (4645 turns).

Kingsmith the Blocker (Formicid Fighter)            Turns: 4645, Time: 00:08:52

Health: -3/52      AC:  6    Str: 23    XL:     7   Next: 65%
Magic:  7/7        EV:  9    Int:  7    God:    the Shining One [......]
Gold:   128        SH:  0    Dex: 10    Spells: 6/6 levels left

rFire    . . .     SeeInvis +   y - +0 short sword (freeze)
rCold    . . .     Gourm    .   c - +0 shield
rNeg     . . .     Faith    .   b - +0 scale mail
rPois    +         Spirit   .   (helmet unavailable)
rElec    .         Reflect  .   (no cloak)
rCorr    .         Harm     .   (no gloves)
MR       .....                  (no boots)
Stlth    ..........             (no amulet)
Regen    0.2/turn               l - ring of poison resistance
MPRegen  0.1/turn               (no ring)

@: confused, fainting, glowing
A: permanent stasis, dig shafts and tunnels, four strong arms, antennae 3
a: Dig, Shaft Self, Renounce Religion


You were on level 6 of the Dungeon.
You worshipped the Shining One.
The Shining One was noncommittal.
You were fainting.

You visited 1 branch of the dungeon, and saw 6 of its levels.

You collected 128 gold pieces.

Inventory:

Hand Weapons
 a - a +0 long sword
 y - a +0 short sword of freezing (weapon)
Armour
 b - a +0 scale mail (worn)
 c - a +0 shield (worn)
 h - a cursed +0 plate armour
Jewellery
 l - a ring of poison resistance (left hand)
 u - an uncursed ring of ice
 B - a +2 ring of protection {unknown}
Scrolls
 e - a scroll of blinking {unknown}
 j - 4 scrolls of teleportation {unknown}
 n - 4 scrolls of identify {unknown}
 o - a scroll of recharging {unknown}
 r - a scroll of noise {unknown}
 s - a scroll of fog {unknown}
 t - a scroll of enchant weapon {unknown}
 v - 3 scrolls of remove curse {unknown}
Potions
 d - a potion of might
 i - a potion of invisibility {unknown}
 k - 2 potions of agility
 m - 3 potions of degeneration {unknown}
 p - a potion of flight {unknown}
 w - a potion of haste {unknown}
 x - a potion of lignification {unknown}
 A - a potion of curing {unknown}
 C - a potion of mutation {unknown}
Comestibles
 f - 5 bread rations
 g - 2 royal jellies
 q - 3 meat rations
 z - 4 fruits


   Skills:
 - Level 3.2 Fighting
 - Level 2.0 Long Blades
 - Level 3.2 Armour
 + Level 9.9 Shields


You had 6 spell levels left.
You didn't know any spells.

Dungeon Overview and Level Annotations

Branches:
Dungeon (6/15)
 Temple: D:4-7

Altars:
Elyvilon
Hepliaklqana
Uskayaw
Yredelemnul
The Shining One

Shops:
D:5 :

Annotations:
D:4 dscm's ghost, amateur OpEE
D:5 Freaking awesome books


Innate Abilities, Weirdness & Mutations

You cannot be hasted, slowed, berserked, paralysed or teleported.
You can dig through walls and to a lower floor.
Your four strong arms can wield two-handed weapons with a shield.
You have a pair of large antennae on your head. (SInv)


Message History

The orc wizard casts a spell at you. The puff of frost hits you!
* * * LOW HITPOINT WARNING * * *
The orc wizard points at you and mumbles some strange words.
You easily resist.
The orc wizard hits you with a dagger.
* * * LOW HITPOINT WARNING * * *
You block the orc's attack. The orc wizard hits you with a dagger.
* * * LOW HITPOINT WARNING * * *
The orc wizard gestures at you while chanting.
The puff of flame misses you.
The orc wizard points at you and mumbles some strange words.
You are confused.
The orc wizard casts a spell at you. The puff of flame hits you!
* * * LOW HITPOINT WARNING * * *
You see here a hunting sling.
You hit the orc wizard. You freeze the orc wizard.
The orc wizard is moderately wounded.
The orc wizard closely misses you. The orc wizard hits you with a dagger.
You die...

.......# ######
.......# )....#
.##....# #....#
.##....#########....+
..#....('.....##...#
#....>#.....##...####
#.....#......'o.....#
#...(.#......#oo....#
+.....#......#@.....#
#.....###...####...##
##.....###...# ####
#........#....
#....>..<#.....
#........#.....
#........# #........#
#........+


You could see 3 orc wizards.

Vanquished Creatures
  An ice beast (D:4)
  A centaur (D:5)
  A crimson imp (D:5)
  2 orc priests
  A jelly (D:5)
  Jessica (D:2)
  2 worker ants (D:4)
  An orc wizard (D:3)
  A hound skeleton (D:4)
  7 adders
  An ooze (D:1)
  An adder zombie (D:5)
  A worm (D:2)
  2 dart slugs (D:1)
  2 leopard geckos
  17 orcs
  2 giant cockroaches
  9 hobgoblins
  6 jackals
  6 kobolds
  5 quokkas
  4 ball pythons
  4 bats
  5 frilled lizards
  5 goblins
  A jackal zombie (D:5)
  10 rats
99 creatures vanquished.

Vanquished Creatures (others)
  A goblin (D:4)
1 creature vanquished.

Grand Total: 100 creatures vanquished

Notes
Turn   | Place    | Note
-------+----------+-------------------------------------------
     0 | D:1      | Kingsmith the Formicid Fighter began the quest for the Orb.
     0 | D:1      | Reached XP level 1. HP: 18/18 MP: 1/1
    26 | D:1      | Reached skill level 4 in Shields
    43 | D:1      | Reached XP level 2. HP: 24/24 MP: 2/2
   364 | D:1      | Reached XP level 3. HP: 29/29 MP: 3/3
   385 | D:1      | Reached skill level 5 in Shields
   683 | D:2      | Found a white marble altar of Elyvilon.
   745 | D:2      | Found a basalt altar of Yredelemnul.
   835 | D:2      | Noticed Jessica
   841 | D:2      | Killed Jessica
   841 | D:2      | Reached XP level 4. HP: 33/35 MP: 4/4
   971 | D:2      | Reached skill level 6 in Shields
  1482 | D:3      | Reached XP level 5. HP: 40/41 MP: 5/5
  1545 | D:3      | Reached skill level 7 in Shields
  2201 | D:3      | Reached XP level 6. HP: 46/47 MP: 6/6
  2283 | D:3      | Found a glowing golden altar of the Shining One.
  2345 | D:3      | Became a worshipper of the Shining One
  2689 | D:4      | Noticed an ice beast
  2698 | D:4      | Killed an ice beast
  2698 | D:4      | Reached skill level 8 in Shields
  2977 | D:4      | Found a white marble altar of Elyvilon.
  3067 | D:4      | Noticed dscm's ghost (amateur OpEE)
  3431 | D:4      | Reached XP level 7. HP: 47/52 MP: 7/7
  3450 | D:5      | Entered Level 5 of the Dungeon
  3622 | D:5      | Reached skill level 9 in Shields
  3933 | D:5      | Found a hide-covered altar of Uskayaw.
  3933 | D:5      | Found a hazy altar of Hepliaklqana.
  3990 | D:5      | Found Ogopt's Book Emporium.
  4644 | D:6      | HP: 2/52 [orc wizard/puff of flame (7)]
  4645 | D:6      | Slain by an orc wizard

Skill      XL: |  1  2  3  4  5  6  7 |
---------------+----------------------+-----
Shields        | 4 5 6 7 8 9 |  9.9
Fighting       | |  3.2
Long Blades    | |  2.0
Armour         | |  3.2

Action                   |  1- 3 |  4- 6 |  7- 9 || total
-------------------------+-------+-------+-------++-------
Melee: Long sword        |    88 |   168 |    78 ||   334
       Short sword       |       |       |    73 ||    73
  Eat: Chunk             |       |     7 |     3 ||    10
Armor: Scale mail        |    30 |    47 |    42 ||   119
Dodge: Dodged            |    24 |    66 |    44 ||   134
Block: Shield            |    46 |   120 |    82 ||   248
       Rpst.: Long sword |     8 |    21 |     3 ||    32
